AoeStats
← skeezerrr

Oasis

509304248Analyzed
3v3 RM · 7d ago on Sep 26, 2026· 46m 51s· 6 players
Game mode
Random Map
Map size
Normal (6 player)
Population
200
Speed
Normal
Resources
Standard
Victory
Conquest
Starting age
Dark Age
Ending age
Imperial Age
RankedLock teamsTeams togetherTeam positionsShared explorationLock speedFull tech treeHidden civsTurbo modeCheats
Victory
Defeat
🇷🇺 Spanish · Russia
1172
+16
🇪🇸 Romans · Spain
1129
+18
🇸🇮 Turks · Slovenia
1096
+20
🇬🇧 Wu · United Kingdom
1191
-19
🇬🇧 Vietnamese · United Kingdom
1175
-18
🇬🇧 Saxons · United Kingdom
1149
-17
Husain Bolt
6:09 Loom
9:55 Feudal Age
11:42 Double-Bit Axe
20:38 Castle Age
18:45 Fletching
19:02 Stone Mining
21:06 Horse Collar
23:18 Scale Mail Armor
29:09 Bow Saw
29:26 Gold Mining
30:33 Forging
30:55 Padded Archer Armor
33:18 Town Watch
35:34 Bodkin Arrow
35:55 Leather Archer Armor
36:11 Red Cliffs Tactics
38:53 Ballistics
40:01 Wheelbarrow
42:41 Gold Shaft Mining
45:24 Iron Casting
45:05 Chain Mail Armor
48:58 Imperial Age
skeezerrr
5:35 Loom
10:52 Feudal Age
11:18 Double-Bit Axe
12:11 Wheelbarrow
18:55 Castle Age
17:34 Stone Mining
21:00 Horse Collar
21:39 Bow Saw
22:47 Fletching
24:28 Elite Skirmisher
26:00 Heavy Plow
26:17 Padded Archer Armor
31:44 Pikeman
33:44 Squires
33:44 Bodkin Arrow
38:05 Imperial Age
36:04 Forging
37:11 Leather Archer Armor
38:11 Halberdier
38:17 Halberdier
38:22 Imperial Skirmisher
39:55 Bracer
41:35 Thumb Ring
45:13 Ring Archer Armor
migetsrus
8:07 Loom
10:32 Feudal Age
11:41 Man-at-Arms
13:05 Double-Bit Axe
13:18 Arson
14:06 Horse Collar
20:34 Castle Age
19:43 Scale Mail Armor
19:54 Forging
21:01 Gold Mining
21:06 Gambesons
21:21 Squires
21:48 Bow Saw
22:22 Heavy Plow
22:26 Long Swordsman
26:11 Chain Mail Armor
28:21 Wheelbarrow
27:31 Town Watch
29:06 Fletching
32:05 Hand Cart
34:23 Iron Casting
36:06 Stone Mining
36:29 Bodkin Arrow
37:10 Padded Archer Armor
42:00 Imperial Age
43:22 Plate Mail Armor
42:23 Two-Handed Swordsman
44:13 Conscription
43:19 Shield Wall
43:37 Champion
46:11 Two-Man Saw
pr!x`
5:00 Loom
13:26 Feudal Age
16:15 Double-Bit Axe
19:08 Castle Age
18:16 Horse Collar
20:20 Bloodlines
25:00 Husbandry
27:24 Scale Barding Armor
34:25 Imperial Age
32:33 Wheelbarrow
31:45 Town Watch
34:00 Padded Archer Armor
34:11 Forging
33:55 Gold Mining
33:57 Stone Mining
37:54 Leather Archer Armor
38:46 Conscription
44:28 Artillery
45:39 Heavy Plow
45:53 Bow Saw
Jarcoz
10:20 Feudal Age
16:25 Castle Age
14:57 Man-at-Arms
15:49 Scale Mail Armor
16:47 Horse Collar
18:09 Chain Mail Armor
19:39 Squires
19:27 Long Swordsman
22:22 Forging
22:32 Loom
22:32 Town Watch
28:56 Iron Casting
28:59 Heavy Plow
30:22 Wheelbarrow
32:24 Hand Cart
35:26 Scale Barding Armor
37:57 Imperial Age
37:57 Legionary
39:39 Blast Furnace
39:17 Conscription
39:21 Comitatenses
39:50 Gold Mining
46:48 Siege Engineers
47:44 Chemistry
alterg27
12:37 Feudal Age
16:10 Loom
19:41 Castle Age
18:11 Double-Bit Axe
17:52 Man-at-Arms
18:38 Stone Mining
25:38 Masonry
29:45 Wheelbarrow
29:27 Gold Mining
33:58 Horse Collar
34:50 Husbandry
38:29 Imperial Age
36:17 Hand Cart
38:15 Town Watch
38:34 Padded Archer Armor
38:28 Fletching
40:33 Leather Archer Armor
39:47 Elite Skirmisher
40:33 Thumb Ring
40:54 Bow Saw
41:46 Bloodlines
40:59 Light Cavalry
42:31 Hoardings
43:17 Conscription
43:15 Murder Holes
43:40 Ballistics
43:56 Long Swordsman
44:40 Squires
45:38 Bodkin Arrow
46:13 Ring Archer Armor
45:39 Elite Conquistador
48:11 Chemistry
Connection lost

Rejoining the realm…

Still unreachable

The connection could not be restored.

Session expired

The server has moved on; the page needs a fresh start.